 Dungeon Crawl Stone Soup version 0.31.0-12-g77e489cdc1 (webtiles) character file.

Game seed: 17098725300410217929

3771 Arctor the Thaumaturge (level 9, -4/45 HPs)
             Began as a Deep Elf Fire Elementalist on Feb 22, 2024.
             Killed from afar by a steam dragon (24 damage)
             ... with a ball of steam
             ... on level 7 of the Dungeon.
             The game lasted 00:17:41 (11036 turns).

Arctor the Thaumaturge (DEFE)                      Turns: 11036, Time: 00:17:42

Health: -4/45      AC:  7    Str:  5    XL:     9   Next: 94%
Magic:  21/23      EV: 16    Int: 25    God:
Gold:   358        SH:  0    Dex: 15    Spells: 5/25 levels left

rFire   . . .        f - +0 short sword (protect)
rCold   . . .        (no shield)
rNeg    . . .        a - +0 robe
rPois   .            I - +1 helmet
rElec   .            k - +0 cloak
rCorr   .            n - +1 pair of gloves
SInv    .            (no boots)
Will    .....        (no amulet)
Stlth   +++          (no ring)
HPRegen 0.27/turn    (no ring)
MPRegen 0.18/turn

%: no passive effects
@: no status effects
A: no striking features
a: no special abilities


You were on level 7 of the Dungeon.
You visited 2 branches of the dungeon, and saw 9 of its levels.

You collected 358 gold pieces.

Inventory:

Hand Weapons
 e - a +2 mace of holy wrath
 f - a +0 short sword of protection (weapon)
Armour
 a - a +0 robe (worn)
 k - a +0 cloak (worn)
 n - a +1 pair of gloves (worn)
 I - a +1 helmet (worn)
Jewellery
 q - a ring of ice
 A - a ring of wizardry
Wands
 d - a wand of polymorph (11)
 j - a wand of acid (9)
 s - a wand of flame (24)
 H - a wand of paralysis (22)
Scrolls
 c - 5 scrolls of teleportation
 g - 2 scrolls of vulnerability
 o - 2 scrolls of revelation
 r - 4 scrolls of enchant weapon
 u - a scroll of fear
 v - a scroll of poison
 x - a scroll of butterflies
Potions
 b - a potion of magic
 h - a potion of invisibility
 i - a potion of heal wounds
 l - a potion of enlightenment
 p - 2 potions of degeneration {unknown}
 w - 2 potions of lignification {unknown}
 z - a potion of resistance {unknown}
 C - a potion of might {unknown}
 F - 2 potions of curing {unknown}
 G - a potion of cancellation {unknown}


   Skills:
 + Level 8.0 Dodging
 - Level 5.2 Stealth
 + Level 8.8 Spellcasting
 + Level 7.0 Conjurations
 + Level 5.6 Summonings
 + Level 7.8 Fire Magic


You had 5 spell levels left.
You knew the following spells:

 Your Spells              Type           Power      Damage    Failure   Level
a - Foxfire               Conj/Fire      100%       2x1d9     1%          1
b - Scorch                Fire           100%       2d9       1%          2
c - Summon Hydra          Summ           19%        N/A       99%         7
d - Flame Wave            Conj/Fire      48%        2d12      2%          4
e - Inner Flame           Hex/Fire       30%        N/A       3%          3
f - Volatile Blastmotes   Fire/Tloc      60%        2d15      3%          3

Your spell library contained the following spells:

 Spells                   Type           Power      Damage    Failure   Level
 Call Imp                 Summ           78%        N/A       1%          2
 Sublimation of Blood     Necr           11%        N/A       9%          2
 Haunt                    Necr/Summ      12%        N/A       100%        7
 Borgnjor's Revivificati  Necr           5%         N/A       100%        8
 Death's Door             Necr           5%         N/A       100%        9


Dungeon Overview and Level Annotations

Branches:
Dungeon (8/15)             Temple (1/1) D:4
   Lair: D:8-11

Altars:
Ashenzari
Cheibriados
Dithmenos
Elyvilon
Fedhas
Gozag
Hepliaklqana
Kikubaaqudgha
Makhleb
Nemelex Xobeh
Okawaru
Qazlal
Ru
Sif Muna
Trog
Uskayaw
Wu Jian
Xom
Yredelemnul
Zin
The Shining One

Shops:
D:1 :   D:4 ([*   D:6 *

Annotations:
D:4 2 transporters, glumbocoin's ghost, amateur MiMo
D:6 exclusion: downstairs
D:7 1 runed translucent door, Joseph; aheadsounds's ghost, weakling FeDe


Message History

Unknown command.
Unknown command.
You conjure some foxfire!
The foxfire hits the orc!
You kill the orc!
Casting: Foxfire (safe; 1% risk of failure)
Confirm with . or Enter, or press ? or * to list all spells.
You can't see any susceptible monsters within range! (Use Z to cast anyway.)
Your foxfire dissipates! x2
Your foxfire dissipates!
A sleepcap comes into view.
A sleepcap is nearby!
A sleepcap is nearby!
A steam dragon comes into view.
You conjure some foxfire!
The steam dragon hisses angrily.
You conjure some foxfire!
The foxfire hits the sleepcap.
The sleepcap is lightly damaged.
The foxfire hits the sleepcap.
The sleepcap is moderately damaged.
The steam dragon breathes steam at you. The ball of steam misses you.
The sleepcap barely misses you.
You conjure some foxfire!
You are engulfed in a cloud of scalding steam.
The foxfire hits the sleepcap.
The sleepcap is moderately damaged.
The foxfire hits the sleepcap.
The sleepcap is severely damaged.
The sleepcap releases spores at you.
You are engulfed in a cloud of soporific spores!
You fall asleep.
The foxfire hits the sleepcap.
The sleepcap is severely damaged.
The foxfire hits the sleepcap!
You destroy the sleepcap!
The steam dragon breathes steam at you. The ball of steam hits you!
You wake up.
The steam dragon breathes steam at you. The ball of steam hits you!!
Ouch! That really hurt!
You die...

..## #....#+#......#.
#.....### #..##
#............# #.......#
....# #...........#
#........ ....#
#..........# #........
....# #..§§§....#
#.###....... ....##
#§..D....# #.# #.......
.....##
#§......####....##....b..
......#
#.....§##......#.##.....b
...##.####...#.§@..#
#.#......
...##..####....#####
#....... ...###.#....####
##...... ..## #...####
##..#.. ### #)### ##....
#..# ##... #.## ##.. #.
#######. .# #.......


There were no monsters in sight!

Vanquished Creatures
  Maggie (D:7)
  Jeremiah (D:7)
  5 yaks
  2 orc warriors (D:7)
  A sky beast (D:6)
  3 black bears
  2 ice beasts
  An ogre (D:6)
  2 centaurs
  A phantom (D:4)
  A bullfrog (D:7)
  2 scorpions (D:5)
  4 wights (D:7)
  3 howler monkeys
  2 jellies (D:5)
  5 orc priests
  5 hounds
  A gnoll bouda (D:6)
  Jessica (D:2)
  3 sleepcaps
  Terence (D:2)
  4 orc wizards
  12 adders
  7 gnolls
  3 white imps (D:5)
  2 ufetubi (D:6)
  3 dart slugs
  3 ribbon worms
  25 orcs
  5 bats
  5 endoplasms
  2 giant cockroaches
  3 goblins
  6 hobgoblins
  8 jackals
  9 kobolds
  8 quokkas
  6 ball pythons
  10 frilled lizards
  3 rats (D:2)
171 creatures vanquished.

Vanquished Creatures (collateral kills)
  A foxfire (D:4)
1 creature vanquished.

Vanquished Creatures (others)
  1003 foxfires
1003 creatures vanquished.

Grand Total: 1175 creatures vanquished

Notes
Turn   | Place    | Note
-------+----------+-------------------------------------------
     0 | D:1      | Arctor the Deep Elf Fire Elementalist began the quest for
                  | the Orb.
     0 | D:1      | Reached XP level 1. HP: 10/10 MP: 6/6
   144 | D:1      | Found Noucequn's Book Emporium.
   298 | D:1      | Reached XP level 2. HP: 11/15 MP: 6/8
   301 | D:1      | Learned a level 2 spell: Scorch
  1236 | D:2      | Noticed Terence
  1330 | D:2      | Killed Terence
  1331 | D:2      | Reached XP level 3. HP: 5/19 MP: 0/10
  1683 | D:2      | Noticed Jessica
  1688 | D:2      | Killed Jessica
  1689 | D:2      | Reached XP level 4. HP: 24/24 MP: 2/11
  2589 | D:3      | Reached XP level 5. HP: 28/28 MP: 7/13
  3886 | D:4      | Noticed a black bear
  3895 | D:4      | Killed a black bear
  3896 | D:4      | Reached XP level 6. HP: 32/32 MP: 6/15
  3982 | D:4      | Reached skill level 5 in Spellcasting
  4236 | D:4      | Found Ufuil's Weapon Boutique.
  4296 | D:4      | Found Onof's Armour Shoppe.
  4297 | D:4      | Found Fammaupn's General Store.
  4568 | D:4      | Reached skill level 5 in Stealth
  4568 | D:4      | Reached skill level 5 in Fire Magic
  4568 | D:4      | Reached XP level 7. HP: 31/36 MP: 5/17
  4684 | D:4      | Found a transporter.
  4701 | D:4      | Noticed glumbocoin's ghost (amateur MiMo)
  4702 | D:4      | Found a transporter.
  4766 | D:4      | Found an ancient bone altar of Kikubaaqudgha.
  5142 | D:4      | Found a staircase to the Ecumenical Temple.
  5570 | Temple   | Entered the Ecumenical Temple
  5628 | D:5      | Entered Level 5 of the Dungeon
  5637 | D:5      | Learned a level 7 spell: Summon Hydra
  5863 | D:5      | Reached skill level 5 in Dodging
  5863 | D:5      | Reached skill level 1 in Summonings
  6229 | D:5      | Found an ornate altar of the Wu Jian Council.
  6246 | D:5      | Reached XP level 8. HP: 38/41 MP: 12/19
  6746 | D:5      | Found a broken altar of Ashenzari.
  6747 | D:5      | Found a bloodstained altar of Trog.
  6748 | D:5      | Found a glowing silver altar of Zin.
  6748 | D:5      | Found a sparkling altar of Nemelex Xobeh.
  6748 | D:5      | Found a hide-covered altar of Uskayaw.
  6770 | D:5      | Found a white marble altar of Elyvilon.
  6771 | D:5      | Found a snail-covered altar of Cheibriados.
  6786 | D:4      | Reached skill level 5 in Conjurations
  7463 | D:6      | Learned a level 4 spell: Flame Wave
  7534 | D:6      | Learned a level 3 spell: Inner Flame
  8205 | D:6      | Reached XP level 9. HP: 45/45 MP: 15/22
  8247 | D:6      | Found Fuddyite's General Store.
  8739 | D:4      | Learned a level 3 spell: Volatile Blastmotes
  8999 | D:7      | Noticed Joseph
  9333 | D:7      | Noticed Jeremiah
  9373 | D:7      | Reached skill level 5 in Summonings
 10352 | D:7      | Noticed Maggie
 10362 | D:7      | Killed Maggie
 10689 | D:7      | Killed Jeremiah
 10869 | D:7      | Found a runed translucent door.
 10869 | D:7      | Noticed aheadsounds's ghost (weakling FeDe)
 10927 | D:7      | Found the +7 Throatcutter {drain, coup de grace}
 11036 | D:7      | Killed from afar by a steam dragon

Illustrated notes

Levels and vault maps discovered:
D:1:      minmay_arrival_radiant_lines, layout_basic, serial_shops,
          nicolae_shop_window_shopping
D:2:      layout_rooms, supply_closet_lemuel, dreamdust_princess_bridge,
          minmay_lizard_king, uniq_jessica, uniq_terence
D:3:      layout_basic
D:4:      layout_basic, mainiacjoe_overflow_cross_hatched,
          minmay_temple_entry_fiery, gammafunk_ghost_mausoleum,
          nicolae_wooded_promenade
D:5:      minmay_razor_zed, layout_gridville, nicolae_wu_jian_glorious_leap,
          grunt_temple_overflow_open, minmay_misc_feat_x, fountainhead
D:6:      layout_basic, serial_shops, nicolae_shop_competitors_out_of_business
D:7:      lemuel_ratsnest, layout_cave_pods, hellmonk_ghost_happy_afterlife,
          uniq_maggie, uniq_jeremiah, uniq_joseph
D:8:      layout_basic, uniq_pikel, uniq_maurice
Temple:   nicolae_temple_ecumenical_triangle

Skill      XL: |  1  2  3  4  5  6  7  8  9 |
---------------+----------------------------+-----
Dodging        | 3 4 5 6 8 |  8.0
Stealth        | 3 4 5 |  5.2
Conjurations   | 2 3 4 5 7 |  7.0
Fire Magic     | 4 5 6 7 |  7.8
Spellcasting   | 4 5 6 7 8 |  8.8
Summonings     | 2 4 5 |  5.6

Action                     |  1- 3 |  4- 6 |  7- 9 || total
---------------------------+-------+-------+-------++-------
  Melee: Unarmed           |     2 |       |       ||     2
         Short sword       |       |    38 |     4 ||    42
   Cast: Foxfire           |    94 |   228 |   277 ||   599
         Scorch            |     3 |     7 |    62 ||    72
         Flame Wave        |       |       |     6 ||     6
         Volatile Blastmot |       |       |     8 ||     8
    Use: Scroll            |       |     4 |     9 ||    13
         Potion            |       |       |     6 ||     6
 Armour: Robe              |    13 |    22 |    64 ||    99
  Dodge: Dodged            |    15 |    32 |    62 ||   109
